Map: Romanticide LE

Players

Sphinkx

  • Race: Zerg Zerg
  • League: Platinum
  • Spawn Location: 11:00

DANKCRAFT - Winner!

  • Race: Terran Terran
  • League: Diamond
  • Spawn Location: 5:00

VOD

Have the link to the VOD?

Description

Time

  • Played on: March 15, 2021, 5:50 p.m.
  • Length: 43:15
Show
View Real Time Build Order
Export as new Build Order

Sphinkx Zerg 

Build Orders: Hatch First, Ravager All-In 

Get SALT Encoding   

  12  0:02  Drone  
  13  0:09  Drone  
  14  0:34  Hatchery  
  13  0:38  Drone  
  14  0:53  Spawning Pool  
  14  0:56  Drone  
  14  1:04  Overlord  
  14  1:13  Drone, Extractor  
  14  1:23  Drone x2  
  16  1:31  Drone  
  17  1:39  Drone  
  18  1:43  Roach Warren  
  18  1:46  Drone  
  18  2:13  Queen x2  
  22  2:16  Overlord  
  22  2:23  Roach x2  
  22  2:28  Roach  
  28  2:36  Roach  
  30  2:38  Roach  
  32  2:44  Overlord  
  32  2:57  Drone x3  
  35  3:15  Ravager  
  36  3:21  Ravager  
  37  3:30  Drone x7  
  37  3:31  Overlord  
  44  3:52  Ravager  
  45  4:08  Drone x6  
  45  4:09  Drone  
  52  4:16  Overlord x3  
  52  4:35  Ravager  
  53  4:44  Ravager  
  53  4:45  Hatchery  
  50  5:15  Drone x5  
  50  5:16  Drone  
  50  5:21  Queen x2  
  60  5:36  Extractor  
  60  5:38  Extractor  
  60  5:41  Evolution Chamber x2  
  56  5:44  Extractor  
  56  5:45  Drone x3  
  56  5:47  Drone  
  59  5:59  Lair  
  59  6:05  Spore Crawler  
  59  6:07  Drone  
  59  6:08  Drone x2  
  59  6:09  Drone  
  59  6:10  Drone x3  
  59  6:11  Drone x2  
  67  6:16  Queen  
  69  6:21  Pneumatized Carapace  
  69  6:29  Zerg Missile Weapons Level 1  
  69  6:47  Overlord  
  69  6:48  Overlord x2  
  69  7:00  Zerg Ground Armor Level 1  
  69  7:05  Hydralisk Den  
  69  7:08  Glial Reconstitution  
  68  7:10  Drone x4  
  68  7:11  Drone x9  
  81  7:36  Grooved Spines, Hydralisk x5  
  85  7:38  Roach x2  
  85  7:41  Extractor  
  85  7:42  Drone x3, Extractor  
  85  7:43  Drone x2  
  98  7:45  Overlord x3  
  98  8:19  Burrow  
  98  8:21  Infestation Pit  
  98  8:23  Overseer  
  97  9:05  Drone x3  
  97  9:06  Drone x3  
  97  9:09  Muscular Augments, Zerg Missile Weapons Level 2  
  103  9:10  Zerg Melee Weapons Level 1  
  103  9:13  Pathogen Glands  
  103  9:14  Metabolic Boost  
  103  9:16  Overlord x3  
  103  9:17  Overlord x4  
  103  9:50  Roach  
  103  9:51  Roach x18  
  103  9:52  Extractor, Roach  
  142  9:53  Hatchery  
  142  9:54  Drone  
  142  9:55  Drone x2  
  142  9:56  Extractor  
  143  10:09  Drone x3  
  143  10:10  Drone x3  
  149  10:34  Hydralisk  
  149  10:35  Hydralisk x13  
  167  10:37  Overlord  
  177  10:55  Infestor x3  
  183  10:57  Overlord x3  
  183  10:58  Overlord x2  
  183  11:10  Unknown  
  183  11:11  Lurker Den  
  181  11:13  Hatchery  
  181  11:14  Zerg Melee Weapons Level 2  
  181  11:17  Hive  
  180  11:25  Zerg Ground Armor Level 2  
  180  11:50  Neural Parasite  
  180  12:11  Spire x2  
  180  12:14  Ravager x8  
  180  12:15  Ravager x3  
  189  12:21  Ravager  
  191  12:30  Drone x3  
  193  12:42  Adaptive Talons  
  193  12:44  Viper  
  193  12:51  Viper  
  199  13:39  Seismic Spines  
  199  13:58  Adrenal Glands  
  199  14:01  Zerg Flyer Weapons Level 1  
  199  14:02  Zerg Flyer Armor Level 1  
  199  14:03  Zerg Melee Weapons Level 3  
  199  14:04  Zerg Ground Armor Level 3  
  188  16:27  Corruptor  
  188  16:28  Corruptor x6  
  199  16:41  Zerg Missile Weapons Level 3  
  199  16:58  Hatchery, Extractor  
  197  17:07  Extractor  
  162  17:48  Corruptor  
  162  17:49  Corruptor x25  
  183  18:10  Drone x17  
  196  18:30  Hatchery  
  196  18:32  Extractor  
  196  18:33  Extractor  
  112  18:55  Zerg Flyer Weapons Level 2, Zerg Flyer Armor Level 2  
  107  19:01  Overseer  
  107  19:02  Overseer x4  
  98  19:06  Infestor x4, Viper  
  98  19:07  Hydralisk, Viper x2  
  98  19:08  Hydralisk x10  
  137  19:15  Queen  
  139  19:18  Extractor  
  139  19:21  Queen  
  94  20:15  Hydralisk  
  94  20:16  Hydralisk x14  
  94  20:19  Lurker  
  94  20:20  Lurker x3  
  127  21:01  Zergling x8  
  127  21:02  Zergling x26  
  144  21:18  Drone x7  
  150  21:23  Zerg Flyer Weapons Level 3, Greater Spire  
  151  21:27  Drone x2  
  151  21:28  Drone x2  
  150  22:14  Ultralisk Cavern  
  122  23:05  Chitinous Plating  
  122  23:08  Brood Lord  
  122  23:09  Brood Lord x2  
  128  23:18  Drone  
  128  23:19  Drone x2  
  131  23:21  Drone x3  
  131  23:23  Drone  
  131  23:24  Drone  
  136  23:27  Queen  
  136  23:30  Overseer x5  
  136  23:34  Zergling x20  
  139  23:35  Zergling x10  
  139  23:40  Hydralisk x20  
  153  23:48  Hatchery  
  95  24:23  Zergling x12  
  95  24:24  Zergling x18, Anabolic Synthesis  
  110  24:30  Unknown  
  107  24:36  Lurker x6  
  96  25:05  Corruptor x6  
  101  25:24  Zergling x12  
  107  25:29  Hatchery  
  107  25:31  Drone x2  
  107  25:32  Drone  
  109  25:45  Hatchery  
  91  26:27  Ultralisk  
  91  26:28  Ultralisk x2  
  91  26:29  Zergling x2  
  91  26:30  Zergling x10  
  100  26:50  Corruptor x2  
  100  26:51  Corruptor  
  96  27:06  Drone  
  96  27:07  Drone x2  
  95  27:11  Extractor  
  82  27:38  Ultralisk  
  82  27:39  Zergling x2  
  82  27:40  Zergling x14  
  95  27:59  Corruptor  
  95  28:00  Corruptor  
  95  28:01  Zergling x2  
  95  28:02  Zergling x6  
  95  28:04  Queen  
  105  28:07  Zergling x12  
  106  28:30  Ultralisk  
  106  28:31  Ultralisk  
  113  28:54  Drone x2  
  113  28:56  Drone x3  
  113  28:57  Drone  
  112  29:03  Drone x12  
  112  29:08  Brood Lord x2  
  111  29:23  Drone  
  104  29:38  Hatchery  
  103  29:39  Ultralisk  
  103  29:41  Zergling x28  
  105  30:04  Zergling x2  
  105  30:05  Ultralisk  
  100  30:07  Hydralisk  
  100  30:08  Zergling x14  
  68  30:28  Zergling x2  
  68  30:29  Zergling x10  
  66  30:54  Corruptor  
  61  30:58  Drone x5  
  60  31:12  Hatchery, Drone x3  
  60  31:13  Drone x2  
  60  31:14  Drone  
  57  31:20  Overseer  
  57  31:21  Overseer  
  44  31:38  Zergling x18  
  47  31:47  Drone x6  
  44  32:02  Hatchery, Drone x3  
  44  32:03  Drone x3  
  42  32:26  Overseer  
  40  32:46  Hatchery  
  39  32:53  Zergling x2  
  39  32:54  Zergling x16  
  43  33:01  Drone  
  43  33:03  Drone  
  43  33:05  Corruptor  
  44  33:11  Drone  
  39  33:40  Drone  
  39  33:41  Drone x5  
  24  33:49  Drone  
  24  33:52  Zergling x2  
  24  33:53  Zergling x8  
  29  33:57  Drone x4  
  33  34:04  Queen  
  34  34:21  Drone x4  
  30  34:44  Zergling x2  
  30  34:45  Zergling x4, Drone x2  
  30  35:00  Zergling x2  
  30  35:01  Zergling x14  
  35  35:28  Drone x3  
  35  35:29  Drone x8  
  44  35:38  Extractor x2  
  44  35:42  Queen  
  32  36:10  Drone  
  26  36:24  Spore Crawler  
  24  36:32  Zergling x22  
  34  36:33  Zergling x14  
  40  36:46  Drone  
  40  36:47  Drone x3  
  36  37:01  Drone x12  
  36  37:02  Drone  
  49  37:14  Drone  
  50  37:30  Drone  
  51  37:50  Drone  
  51  37:51  Drone  
  53  38:16  Drone x6  
  57  38:37  Ultralisk  
  60  39:07  Viper  
  63  39:10  Zergling x2  
  63  39:12  Drone x8  
  64  39:37  Ultralisk  
  63  39:40  Zergling x4  
  58  39:51  Drone x4  
  58  39:52  Drone x3  
  50  40:41  Drone  
  50  40:42  Drone x2  
  53  40:43  Drone x4  
  53  40:44  Drone x2  
  59  40:50  Viper  
  59  40:52  Drone x4  
  66  41:23  Ultralisk, Zergling x2  
  66  41:25  Drone x20  
  69  41:26  Drone x2  
  55  42:00  Zergling x12  
  54  42:03  Drone  
  55  42:13  Spine Crawler  
  43  42:28  Zergling x2  
  43  42:29  Zergling x10  
Show
View Real Time Build Order
Export as new Build Order

DANKCRAFT Terran - Winner!

Build Orders: Command Center First (CC), Mech 

Get SALT Encoding   

  12  0:00  SCV  
  13  0:13  SCV  
  14  0:19  Supply Depot  
  14  0:29  Refinery  
  14  0:30  SCV  
  15  0:42  SCV  
  16  1:08  SCV  
  17  1:17  Command Center  
  17  1:27  Barracks  
  17  1:31  SCV  
  18  1:44  SCV  
  18  1:46  Supply Depot  
  19  1:55  Refinery  
  19  1:57  SCV  
  20  2:09  SCV  
  20  2:15  Bunker  
  21  2:16  Reaper  
  21  2:21  SCV  
  23  2:32  SCV  
  23  2:34  SCV  
  25  2:44  SCV  
  25  2:46  SCV  
  25  2:49  Marine  
  28  2:56  SCV  
  28  2:58  SCV  
  30  3:01  Refinery  
  30  3:04  Refinery  
  30  3:07  Marine  
  30  3:08  SCV  
  30  3:10  SCV  
  33  3:22  Engineering Bay  
  33  3:24  Marine  
  34  3:28  Bunker  
  34  3:32  Bunker  
  33  3:42  Marine  
  34  3:50  Planetary Fortress  
  34  3:51  Planetary Fortress  
  29  4:28  SCV  
  29  4:29  SCV  
  31  4:34  Factory  
  31  4:36  Factory  
  31  4:38  Supply Depot  
  31  4:40  SCV  
  31  4:41  SCV  
  33  4:52  SCV  
  34  4:53  SCV  
  35  5:04  SCV  
  35  5:05  SCV  
  37  5:16  Bunker  
  37  5:17  SCV x2  
  37  5:18  Factory Tech Lab  
  37  5:19  Factory Tech Lab  
  39  5:30  Supply Depot  
  39  5:36  Supply Depot  
  39  5:51  Siege Tank x2, SCV  
  46  5:57  Starport, SCV  
  46  6:03  SCV  
  48  6:09  SCV  
  49  6:15  SCV  
  50  6:20  Barracks  
  50  6:21  SCV  
  51  6:28  SCV  
  51  6:31  Command Center  
  52  6:40  Starport Tech Lab  
  52  7:12  Supply Depot  
  52  7:13  Supply Depot  
  52  7:14  Supply Depot  
  52  7:16  Supply Depot  
  52  7:21  Banshee  
  54  7:28  Supply Depot  
  54  7:33  Factory  
  54  7:34  Factory, SCV x2  
  54  7:35  Factory  
  56  7:46  SCV x2  
  58  7:53  Siege Tank x2  
  66  7:58  SCV x2  
  66  8:02  Armory  
  69  8:10  Planetary Fortress  
  66  8:20  SCV x2  
  66  8:24  Starport  
  68  8:31  Command Center  
  68  8:32  SCV x2  
  70  8:38  Refinery  
  70  8:42  Refinery  
  70  8:43  Widow Mine x5  
  70  8:44  SCV x2  
  82  8:56  SCV x2  
  82  8:58  SCV  
  88  9:04  Starport Tech Lab, Widow Mine  
  88  9:05  Raven  
  88  9:08  Starport, SCV  
  88  9:09  SCV  
  91  9:11  SCV  
  92  9:20  SCV  
  92  9:21  SCV  
  92  9:23  SCV  
  95  9:24  Sensor Tower, Viking  
  97  9:33  SCV x2  
  97  9:35  SCV  
  97  9:36  Missile Turret, Factory Tech Lab x2  
  97  9:37  Factory Tech Lab, Missile Turret  
  100  9:42  Missile Turret  
  100  9:45  SCV x2  
  102  9:50  SCV  
  103  9:57  Command Center, SCV  
  104  10:01  Starport Tech Lab  
  104  10:21  Widow Mine x5  
  114  10:23  Drilling Claws  
  114  10:25  Raven  
  114  10:27  Raven  
  118  10:29  Raven  
  120  10:42  Widow Mine x2  
  124  10:47  Planetary Fortress  
  124  11:06  Supply Depot  
  124  11:07  Supply Depot  
  124  11:08  Starport, Supply Depot  
  124  11:09  Widow Mine x5, Ghost Academy  
  124  11:10  Starport  
  134  11:11  Ghost Academy  
  134  11:12  Starport  
  134  11:14  Raven x2  
  138  11:27  Raven  
  138  11:31  Command Center  
  140  11:35  Command Center  
  140  11:48  Nuke, Personal Cloaking  
  140  11:58  Barracks Tech Lab  
  140  12:06  Raven x2  
  144  12:10  Raven  
  146  12:21  Planetary Fortress  
  146  12:32  Command Center  
  146  12:36  Widow Mine x3  
  152  12:38  Starport Tech Lab  
  152  12:39  Starport Tech Lab x2  
  152  12:41  Command Center  
  152  12:43  Command Center  
  152  12:49  Raven  
  154  12:53  Corvid Reactor  
  154  13:08  SCV  
  154  13:10  Missile Turret x2  
  154  13:11  Missile Turret  
  155  13:12  Missile Turret  
  155  13:13  Nuke  
  155  13:17  Ghost  
  157  13:20  SCV  
  158  13:33  Command Center  
  158  13:54  Raven x5  
  168  14:23  Raven  
  170  14:25  Ghost  
  172  14:37  Raven  
  174  14:41  Planetary Fortress  
  174  14:47  SCV  
  174  14:50  Refinery  
  175  14:53  Ghost  
  175  14:59  SCV  
  178  15:02  Planetary Fortress x2  
  176  15:12  SCV  
  176  15:13  Command Center, SCV  
  178  15:14  SCV  
  178  15:17  Command Center  
  176  15:24  SCV  
  176  15:25  SCV  
  176  15:28  Refinery x2  
  178  15:37  SCV  
  177  16:37  Planetary Fortress  
  177  16:41  Refinery  
  177  16:58  Nuke  
  177  16:59  Nuke  
  177  17:00  Planetary Fortress  
  163  17:31  Planetary Fortress  
  154  18:17  Planetary Fortress  
  154  18:24  SCV  
  152  18:36  SCV  
  146  18:48  SCV  
  146  18:50  Planetary Fortress  
  140  19:01  SCV  
  140  19:02  Thor x5  
  171  19:11  Refinery, Missile Turret  
  171  19:12  Refinery, Missile Turret x2  
  171  19:13  Missile Turret x3, SCV  
  171  19:14  Missile Turret  
  168  19:45  Thor x5  
  192  19:58  SCV  
  192  19:59  SCV x2  
  195  20:10  SCV  
  195  20:11  SCV  
  197  20:27  Refinery  
  197  20:29  Refinery  
  197  20:30  Ghost  
  199  21:23  Command Center  
  199  21:27  Command Center  
  199  21:29  Command Center  
  199  21:30  Command Center  
  199  21:31  Command Center  
  191  22:06  Thor  
  191  23:12  Command Center  
  145  24:36  Thor x5  
  157  24:57  Viking x6  
  145  25:18  Thor x2  
  145  25:19  Thor x3  
  170  25:25  Missile Turret  
  170  25:27  Viking x6, Missile Turret  
  182  25:29  Missile Turret  
  181  25:46  Missile Turret  
  181  25:48  Missile Turret  
  181  25:56  Planetary Fortress x3  
  181  25:57  Viking x6  
  181  25:59  Missile Turret x2  
  181  26:00  Missile Turret  
  181  26:01  Thor  
  192  26:27  Viking x4  
  192  26:45  Hellion  
  178  26:54  Thor x3  
  172  26:57  Viking x4  
  182  27:06  Hellion  
  174  27:27  Thor  
  126  27:48  Hellion x4  
  134  27:51  Liberator x2  
  134  27:52  Liberator  
  143  28:09  Hellion x4  
  143  28:10  Hellion  
  153  28:20  Planetary Fortress  
  153  28:28  Refinery  
  153  28:33  Refinery  
  136  28:41  Widow Mine  
  136  28:42  Widow Mine x4  
  140  29:03  Widow Mine  
  126  29:13  Widow Mine x4  
  125  30:19  Viking  
  125  30:20  Viking x2  
  115  30:40  Thor x2  
  125  30:42  Liberator  
  106  31:16  Hellion x3  
  112  31:24  Hellion  
  112  31:37  Hellion x3  
  94  31:45  Hellion  
  96  31:58  Hellion  
  96  31:59  Hellion x2  
  96  32:06  Hellion  
  90  32:20  Hellion x3  
  90  32:28  Hellion  
  92  32:33  Hellion x2  
  92  32:41  Hellion x3  
  98  32:44  Hellion  
  98  32:46  Command Center  
  98  32:49  Hellion  
  98  32:50  Command Center  
  102  33:03  Hellion x3  
  98  33:06  Hellion  
  98  33:10  Ghost  
  98  33:11  Hellion  
  102  33:24  Hellion x3  
  108  33:27  Hellion  
  108  33:32  Hellion  
  110  33:39  Ghost  
  108  33:45  Hellion  
  108  33:46  Hellion x2  
  110  33:49  Hellion  
  110  33:53  Hellion  
  104  34:02  Missile Turret  
  104  34:07  Ghost, Hellion x3  
  104  34:09  SCV x2  
  114  34:10  Hellion  
  114  34:12  Planetary Fortress  
  114  34:15  Hellion  
  118  34:18  Command Center  
  112  34:28  Hellion x3  
  118  34:36  Ghost  
  96  35:30  Thor x3  
  112  35:39  Refinery  
  112  35:40  Refinery  
  112  35:41  Planetary Fortress  
  92  36:47  Thor  
  92  36:54  Thor  
  92  36:55  Hellion  
  92  36:56  Hellion x2  
  94  37:17  Hellion x3  
  100  37:25  Missile Turret  
  100  37:28  Missile Turret x2  
  100  37:29  Missile Turret  
  100  37:30  Hellion  
  102  37:37  Hellion  
  102  37:38  Hellion x3  
  110  37:51  Hellion  
  110  37:52  Nuke x2  
  112  37:59  Hellion x2  
  112  38:00  Hellion x2  
  120  38:13  Hellion  
  120  38:16  Planetary Fortress  
  122  38:20  Hellion  
  122  38:21  Hellion x3, SCV x2  
  132  38:33  SCV x2  
  134  38:34  Hellion  
  136  38:45  SCV x2  
  130  39:19  Thor x2  
  114  40:03  Thor  
  112  40:30  Hellion x3  
  112  40:32  Refinery, Missile Turret  
  112  40:33  Refinery  
  116  40:38  SCV  
  116  40:39  SCV x2  
  119  40:46  Hellion  
  121  40:51  Hellion  
  127  41:06  Ghost  
  127  41:09  Thor  
  95  42:03  Hellion x5  
  95  42:24  Hellion x5  
  87  42:45  Hellion  
  87  42:46  Hellion x4  
Tags
 
Add a new tag
Caveats
  • Supply blocks, unpowered buildings, or Contaminate may cause inaccurate times.
  • Supply counts are checked every 10 seconds.